 Dungeon Crawl Stone Soup version 0.29.0-4-gdea44cf6ec (webtiles) character file.

Game seed: 4205664939149263765

8421 qw the Severer (level 11, 0/97 HPs)
             Began as a Minotaur Berserker on Sept 5, 2022.
             Was an Elder of Trog.
             Killed from afar by an electric eel (6 damage)
             ... with a bolt of electricity
             ... on level 10 of the Dungeon.
             The game lasted 00:03:41 (11966 turns).

qw the Severer (Minotaur Berserker)                Turns: 11966, Time: 00:03:42

Health: 0/97       AC: 15    Str: 25    XL:     11   Next: 9%
Magic:  10/10      EV:  7    Int: 10    God:    Trog [****..]
Gold:   174        SH:  5    Dex: 11    Spells: 10/10 levels left

rFire   . . .      SeeInvis .   r - +8 war axe (spect)
rCold   + . .      Faith    .   q - +0 buckler
rNeg    . . .      Spirit   .   s - +0 plate armour
rPois   .          Reflect  .   (helmet restricted)
rElec   .          Harm     .   i - +1 cloak
rCorr   .          Rampage  .   (no gloves)
Will    .....                   (no boots)
Stlth   ..........              (no amulet)
HPRegen 0.26/turn               d - ring of protection from cold
MPRegen 0.12/turn               h - +6 ring of intelligence

@: about to teleport, on berserk cooldown, slowed, very slow
A: horns 2, retaliatory headbutt
a: Renounce Religion, Berserk, Trog's Hand, Brothers in Arms


You were on level 10 of the Dungeon.
You worshipped Trog.
Trog was greatly pleased with you.
You visited 1 branch of the dungeon, and saw 10 of its levels.
You also visited: Ossuary.

You collected 542 gold pieces.
You spent 368 gold pieces at shops.


Innate Abilities, Weirdness & Mutations

You have a pair of horns on your head.
You reflexively headbutt those who attack you in melee.


   Skills:
 - Level 9.2 Fighting
 - Level 16.0 Axes
 - Level 1.0 Throwing
 + Level 7.3 Armour
 - Level 3.0 Dodging
 - Level 6.4 Shields


You had 10 spell levels left.
You didn't know any spells.
Your spell library was empty.

Inventory:

Hand Weapons
 g - a +0 morningstar
 r - a +8 spectral war axe (weapon)
Missiles
 c - 8 boomerangs (quivered)
Armour
 i - a +1 cloak (worn)
 q - a +0 buckler (worn)
 s - a +0 plate armour (worn)
Jewellery
 b - a ring of ice
 d - a ring of protection from cold (left hand)
 f - a ring of fire
 h - a +6 ring of intelligence (right hand)
Scrolls
 l - 2 scrolls of teleportation
 m - 4 scrolls of identify
 o - 2 scrolls of brand weapon
Potions
 a - 2 potions of might
 e - a potion of mutation
 j - a potion of heal wounds
 k - 7 potions of curing

Dungeon Overview and Level Annotations

Branches:
Dungeon (10/15)            Temple (0/1) D:5             Orc (0/2) D:9
Ossuary (visited)
   Lair: D:8-11

Altars:
Nemelex Xobeh
Ru
Sif Muna
Vehumet
Wu Jian
The Shining One

Shops:
D:1 (   D:2 [[*?   D:6 *   D:8 *

Annotations:
D:6 2 transporters, qw's ghost, novice GrBe


Message History

You feel yourself moving faster!
You feel mighty!
The electric eel shoots out a bolt of lightning at you!
The bolt of electricity hits you.
The electric eel shoots out a bolt of lightning at you!
The bolt of electricity hits you.
The electric eel shoots out a bolt of lightning at you!
The bolt of electricity misses you. The bolt of electricity hits you.
You start resting.
You feel a strong urge to attack something.
The electric eel shoots out a bolt of lightning at you!
The bolt of electricity hits you!
The electric eel shoots out a bolt of lightning at you!
The bolt of electricity hits you! x2
The electric eel shoots out a bolt of lightning at you!
The bolt of electricity hits you!
The electric eel shoots out a bolt of lightning at you!
The bolt of electricity hits you!
You start resting.
You feel your anger nearly subside.
You are no longer berserk.
You are exhausted.
You feel yourself slow down.
The electric eel shoots out a bolt of lightning at you!
The bolt of electricity hits you.
The electric eel shoots out a bolt of lightning at you!
The bolt of electricity hits you!
The electric eel shoots out a bolt of lightning at you!
The bolt of electricity hits you!
The electric eel shoots out a bolt of lightning at you!
The bolt of electricity hits you. x2
11966 ||| READING 3 scrolls of teleportation.
As you read the scroll of teleportation, it crumbles to dust.
You feel strangely unstable.
The electric eel shoots out a bolt of lightning at you!
The bolt of electricity hits you but does no damage.
The electric eel shoots out a bolt of lightning at you!
The bolt of electricity hits the electric eel.
The electric eel completely resists.
The bolt of electricity hits you!
The electric eel shoots out a bolt of lightning at you!
The bolt of electricity hits you.
You die...

~~~~~~~~
#~~~~~~~~~~~~~~~~~~~~~
###~~~S~~~S~~S~~~~~~~~~~
#~~~~~~~~~~~~~~~~~~~~~~~
~~~~~~~~~~~~~~~~~~~~~~~~
~~~~~~~~~~~~~~~~~~~~~~~~
#~~~~~~~~~~~~~~~~~~~~~~~
#~~~~~~S~~~~~~~~~~~~~~.
#@# ##.....# #.#
######.###.# #..
.........##.. ####
#######..#### #..# #..#
#..# #..#### #......


You could see 4 electric eels.

Vanquished Creatures
  An unseen horror (D:10)
  A gargoyle (D:10)
  A troll (D:10)
  Grinder (D:6)
  A shadow (D:8)
  3 wyverns
  A wraith (D:9)
  10 yaks
  Duvessa (D:5)
  2 ice beasts
  2 orc warriors (D:8)
  4 black bears
  2 sky beasts
  3 ogres
  5 centaurs
  A kobold brigand (D:9)
  3 phantoms (D:9)
  3 bullfrogs
  An elf zombie (D:7)
  A necrophage (D:6)
  A gnoll sergeant (D:9)
  An elf skeleton (D:7)
  2 scorpions (D:4)
  9 wights
  Dowan (D:5)
  2 troll zombies (D:9)
  20 killer bees
  8 howler monkeys
  3 electric eels
  5 jellies
  A hound (D:4)
  2 orc priests (D:8)
  Jessica (D:2)
  5 iguanas
  5 orc wizards
  2 human skeletons (D:7)
  6 ogre zombies (D:9)
  2 mummies (Ossuary)
  Robin (D:2)
  3 adders
  2 white imps
  2 ufetubi (D:4)
  3 adder zombies (Ossuary)
  2 dart slugs (D:4)
  34 orcs
  5 bats
  10 endoplasms
  A giant cockroach (D:4)
  16 goblins
  6 hobgoblins
  4 jackals (D:1)
  9 kobolds
  3 quokkas
  3 ball pythons
  A frilled lizard (D:2)
  3 gnoll zombies (Ossuary)
  A goblin skeleton (D:9)
  A goblin zombie (D:9)
  5 hobgoblin skeletons (D:9)
  13 hobgoblin zombies
  6 kobold zombies (Ossuary)
  7 orc skeletons
  15 orc zombies
  2 rats
281 creatures vanquished.

Notes
Turn   | Place    | Note
-------+----------+-------------------------------------------
     0 | D:1      | qw the Minotaur Berserker began the quest for the Orb.
     0 | D:1      | Reached XP level 1. HP: 19/19 MP: 0/0
     0 | D:1      | 0 ||| qw: Version: 0.1-a-104-g96f76f8
     0 | D:1      | 0 ||| qw: Game counter: 5793
     0 | D:1      | 0 ||| qw: Always use a shield: true
     0 | D:1      | 0 ||| qw: Do Orc after D:15 true
     0 | D:1      | 0 ||| qw: Do second Lair branch before Depths: true
     0 | D:1      | 0 ||| qw: Lair rune preference: random
     0 | D:1      | 0 ||| qw: Plans: Normal
     0 | D:1      | 0 ||| PLANNING D:1-11
   237 | D:1      | Reached skill level 4 in Axes
   386 | D:1      | Reached XP level 2. HP: 26/26 MP: 1/1
   486 | D:1      | 486 ||| Stepping ~*~*~tactically~*~*~ (stealth).
   514 | D:1      | 514 ||| Stepping ~*~*~tactically~*~*~ (stealth).
   573 | D:1      | Found Ifrukes's Antique Weapon Shop.
   580 | D:1      | 580 ||| Stepping ~*~*~tactically~*~*~ (stealth).
   584 | D:1      | 584 ||| Stepping ~*~*~tactically~*~*~ (stealth).
   617 | D:1      | 617 ||| SHOPLISTING brightly glowing whip (150 gold, have
                  | 48).
   617 | D:1      | 617 ||| SHOPLISTING glowing war axe (130 gold, have 48).
   617 | D:1      | 617 ||| SHOPLISTING mace (60 gold, have 48).
   617 | D:1      | 617 ||| SHOPLISTING runed broad axe (140 gold, have 48).
   617 | D:1      | 617 ||| SHOPLISTING war axe (70 gold, have 48).
   805 | D:1      | Found a faded altar of an unknown god.
  1073 | D:1      | 1073 ||| DROPPING orb of wrath.
  1074 | D:1      | 1074 ||| READING scroll labelled LOEBROYDGH.
  1075 | D:1      | 1075 ||| READING scroll labelled PICIARPH RELE.
  1076 | D:1      | 1076 ||| READING scroll labelled WUFELO LAEZXOR.
  1077 | D:1      | 1077 ||| READING scroll labelled DUIBYGRA QEUBA.
  1078 | D:1      | 1078 ||| READING scroll labelled IKIBIWN FIEFOH.
  1135 | D:2      | 1135 ||| DROPPING +1 whip of pain.
  1144 | D:2      | Found Elucsuxe's Antique Armour Shoppe.
  1161 | D:2      | Reached skill level 5 in Axes
  1199 | D:2      | 1199 ||| SHOPLISTING +2 cloak of the Thief {*Fog Slay-2
                  | SInv Stlth+} (502 gold, have 58).
  1199 | D:2      | 1199 ||| SHOPLISTING cloak (112 gold, have 58).
  1199 | D:2      | 1199 ||| BUYING leather armour (50 gold).
  1199 | D:2      | Bought a leather armour for 50 gold pieces
  1199 | D:2      | 1199 ||| SHOPLISTING ring mail (100 gold, have 8).
  1283 | D:2      | 1283 ||| Stepping ~*~*~tactically~*~*~ (stealth).
  1284 | D:2      | 1284 ||| Stepping ~*~*~tactically~*~*~ (stealth).
  1286 | D:2      | 1286 ||| Stepping ~*~*~tactically~*~*~ (stealth).
  1288 | D:2      | Reached XP level 3. HP: 31/31 MP: 2/2
  1295 | D:2      | Reached ** piety under Trog
  1312 | D:2      | 1312 ||| DROPPING +0 club.
  1392 | D:2      | 1392 ||| SWAPPING to +0 war axe.
  1393 | D:2      | 1393 ||| DROPPING +1 hand axe.
  1394 | D:2      | Found Xeinafil's Antique Armour Emporium.
  1407 | D:2      | 1407 ||| SHOPLISTING chain mail (99 gold, have 43).
  1407 | D:2      | 1407 ||| SHOPLISTING ring mail (88 gold, have 43).
  1453 | D:2      | Found Nemapic's Magic Scroll Shoppe.
  1461 | D:2      | 1461 ||| SHOPLISTING 2 scrolls of enchant armour (210 gold,
                  | have 43).
  1461 | D:2      | 1461 ||| BUYING scroll of identify (28 gold).
  1461 | D:2      | Bought a scroll of identify for 28 gold pieces
  1461 | D:2      | 1461 ||| SHOPLISTING scroll of identify (28 gold, have 15).
  1485 | D:2      | Found Jisez's Assorted Antiques.
  1498 | D:2      | 1498 ||| BUYING black potion (14 gold).
  1498 | D:2      | Bought a black potion for 14 gold pieces
  1498 | D:2      | 1498 ||| SHOPLISTING coppery potion (14 gold, have 1).
  1498 | D:2      | 1498 ||| SHOPLISTING faintly glowing leather armour (112
                  | gold, have 1).
  1498 | D:2      | 1498 ||| SHOPLISTING runed morningstar (112 gold, have 1).
  1498 | D:2      | 1498 ||| SHOPLISTING scroll of identify (32 gold, have 1).
  1498 | D:2      | 1498 ||| SHOPLISTING tiny diamond amulet (80 gold, have 1).
  1881 | D:2      | Noticed Robin
  1882 | D:2      | 1882 ||| Stepping ~*~*~tactically~*~*~ (hiding).
  1887 | D:2      | 1887 ||| INVOKING Berserk.
  1890 | D:2      | Killed Robin
  1892 | D:2      | Noticed Jessica
  1898 | D:2      | Killed Jessica
  1899 | D:2      | Reached skill level 6 in Axes
  1899 | D:2      | Reached XP level 4. HP: 39/39 MP: 3/3
  2305 | D:2      | 2305 ||| UPGRADING to +0 leather armour.
  2315 | D:2      | 2315 ||| DROPPING +0 animal skin.
  2316 | D:2      | 2316 ||| UPGRADING to +0 chain mail.
  2326 | D:2      | 2326 ||| DROPPING +0 leather armour.
  2327 | D:2      | 2327 ||| READING scroll labelled LIOMIUSANA.
  2465 | D:2      | 2465 ||| READING scroll labelled VARROBLYXT.
  2466 | D:2      | 2466 ||| READING scroll labelled BYL MAHOCLID.
  2467 | D:2      | 2467 ||| DRINKING 3 black potions.
  2530 | D:3      | 2530 ||| READING scroll of enchant weapon.
  2530 | D:3      | 2530 ||| ENCHANTING +0 war axe.
  2557 | D:3      | 2557 ||| READING scroll of enchant weapon.
  2557 | D:3      | 2557 ||| ENCHANTING +1 war axe.
  2777 | D:3      | 2777 ||| READING scroll of enchant weapon.
  2777 | D:3      | 2777 ||| ENCHANTING +2 war axe.
  3199 | D:3      | 3199 ||| UPGRADING to ring of protection from cold.
  3200 | D:3      | 3200 ||| READING scroll labelled ETOC YPUTTEOTYRR.
  3201 | D:3      | 3201 ||| DRINKING 2 metallic brown potions.
  3202 | D:3      | 3202 ||| READING 3 scrolls of identify.
  3202 | D:3      | 3202 ||| IDENTIFYING green potion
  3203 | D:3      | 3203 ||| READING 2 scrolls of identify.
  3203 | D:3      | 3203 ||| IDENTIFYING fuming orange potion
  3204 | D:3      | 3204 ||| DROPPING potion of brilliance.
  3205 | D:3      | 3205 ||| DROPPING potion of magic.
  3305 | D:4      | Noticed a scorpion
  3308 | D:4      | Killed a scorpion
  3309 | D:4      | Reached skill level 7 in Axes
  3309 | D:4      | Reached XP level 5. HP: 44/45 MP: 4/4
  3325 | D:4      | Found a radiant altar of Vehumet.
  3326 | D:4      | 3326 ||| Stepping ~*~*~tactically~*~*~ (hiding).
  3327 | D:4      | 3327 ||| Stepping ~*~*~tactically~*~*~ (hiding).
  3328 | D:4      | 3328 ||| Stepping ~*~*~tactically~*~*~ (hiding).
  3329 | D:4      | 3329 ||| Stepping ~*~*~tactically~*~*~ (hiding).
  3331 | D:4      | 3331 ||| Stepping ~*~*~tactically~*~*~ (hiding).
  3332 | D:4      | 3332 ||| Stepping ~*~*~tactically~*~*~ (hiding).
  3635 | D:4      | Noticed a black bear
  3636 | D:4      | 3636 ||| Stepping ~*~*~tactically~*~*~ (stealth).
  3640 | D:4      | 3640 ||| INVOKING Berserk.
  3643 | D:4      | Killed a black bear
  3650 | D:4      | 3650 ||| Stepping ~*~*~tactically~*~*~ (hiding).
  3652 | D:4      | 3652 ||| Stepping ~*~*~tactically~*~*~ (hiding).
  3655 | D:4      | Reached XP level 6. HP: 52/56 MP: 5/5
  3659 | D:4      | 3659 ||| Stepping ~*~*~tactically~*~*~ (stealth).
  3664 | D:4      | 3664 ||| Stepping ~*~*~tactically~*~*~ (stealth).
  3804 | D:4      | 3804 ||| Stepping ~*~*~tactically~*~*~ (stealth).
  3805 | D:4      | 3805 ||| Stepping ~*~*~tactically~*~*~ (stealth).
  3808 | D:4      | 3808 ||| Stepping ~*~*~tactically~*~*~ (stealth).
  3823 | D:4      | 3823 ||| INVOKING Berserk.
  3825 | D:4      | Reached skill level 8 in Axes
  3850 | D:4      | 3850 ||| Stepping ~*~*~tactically~*~*~ (stealth).
  4014 | D:4      | 4014 ||| Stepping ~*~*~tactically~*~*~ (stealth).
  4026 | D:4      | Reached XP level 7. HP: 56/61 MP: 6/6
  4094 | D:4      | 4094 ||| DRINKING 2 potions of curing.
  4094 | D:4      | 4094 ||| (to cure confusion)
  4098 | D:4      | 4098 ||| DRINKING potion of curing.
  4098 | D:4      | 4098 ||| (to cure confusion)
  4100 | D:4      | Reached skill level 9 in Axes
  4128 | D:4      | Found an ornate altar of the Wu Jian Council.
  4129 | D:4      | 4129 ||| DROPPING +0 mace.
  4410 | D:4      | 4410 ||| UPGRADING to +0 cloak.
  4415 | D:4      | 4415 ||| UPGRADING to +6 ring of intelligence.
  4416 | D:4      | 4416 ||| READING scroll labelled CAMNULE GAWOEM.
  4417 | D:4      | 4417 ||| DRINKING 2 sedimented amethyst potions.
  4418 | D:4      | 4418 ||| READING 2 scrolls of identify.
  4418 | D:4      | 4418 ||| IDENTIFYING murky emerald potion
  4419 | D:4      | 4419 ||| DROPPING potion of flight.
  4420 | D:4      | 4420 ||| DROPPING potion of lignification.
  4455 | D:5      | Entered Level 5 of the Dungeon
  4488 | D:5      | 4488 ||| INVOKING Berserk.
  4490 | D:5      | Reached skill level 3 in Armour
  4547 | D:5      | 4547 ||| Stepping ~*~*~tactically~*~*~ (stealth).
  4588 | D:5      | Found a staircase to the Ecumenical Temple.
  4705 | D:5      | 4705 ||| Stepping ~*~*~tactically~*~*~ (stealth).
  4747 | D:5      | 4747 ||| INVOKING Berserk.
  4883 | D:5      | 4883 ||| DROPPING +0 flail.
  4892 | D:5      | 4892 ||| Stepping ~*~*~tactically~*~*~ (hiding).
  4893 | D:5      | 4893 ||| Stepping ~*~*~tactically~*~*~ (hiding).
  4895 | D:5      | 4895 ||| Stepping ~*~*~tactically~*~*~ (hiding).
  4949 | D:5      | 4949 ||| INVOKING Berserk.
  4951 | D:5      | Reached skill level 10 in Axes
  5175 | D:5      | Reached skill level 1 in Throwing
  5181 | D:5      | Reached skill level 6 in Fighting
  5246 | D:5      | Noticed Duvessa
  5246 | D:5      | Noticed Dowan
  5247 | D:5      | 5247 ||| Stepping ~*~*~tactically~*~*~ (hiding).
  5250 | D:5      | 5250 ||| INVOKING Berserk.
  5253 | D:5      | Killed Duvessa
  5254 | D:5      | Reached XP level 8. HP: 70/70 MP: 7/7
  5256 | D:5      | Killed Dowan
  5438 | D:5      | Found a sparkling altar of Nemelex Xobeh.
  5448 | D:5      | 5448 ||| INVOKING Berserk.
  5630 | D:5      | 5630 ||| READING 2 scrolls of identify.
  5630 | D:5      | 5630 ||| IDENTIFYING dark potion
  5631 | D:5      | 5631 ||| DROPPING potion of attraction.
  5641 | D:6      | Found Uzaadax's Assorted Antiques.
  5650 | D:6      | 5650 ||| BUYING coppery potion (18 gold).
  5650 | D:6      | Bought a coppery potion for 18 gold pieces
  5650 | D:6      | 5650 ||| SHOPLISTING jewelled broad axe (189 gold, have
                  | 153).
  5650 | D:6      | 5650 ||| SHOPLISTING scorched scale mail (189 gold, have
                  | 153).
  5650 | D:6      | 5650 ||| BUYING scroll of identify (42 gold).
  5650 | D:6      | Bought a scroll of identify for 42 gold pieces
  5679 | D:6      | Found a shimmering blue altar of Sif Muna.
  5706 | D:6      | 5706 ||| INVOKING Berserk.
  5825 | D:6      | Reached skill level 11 in Axes
  5847 | D:6      | Found a transporter.
  5880 | D:6      | Found a sacrificial altar of Ru.
  5904 | D:6      | 5904 ||| INVOKING Berserk.
  6024 | D:6      | Noticed Grinder
  6025 | D:6      | 6025 ||| INVOKING Trog's Hand.
  6030 | D:6      | 6030 ||| INVOKING Berserk.
  6034 | D:6      | Killed Grinder
  6035 | D:6      | Reached skill level 12 in Axes
  6270 | D:6      | Noticed qw's ghost (novice GrBe)
  6300 | D:6      | Found a transporter.
  6643 | D:6      | 6643 ||| INVOKING Berserk.
  6645 | D:6      | Reached XP level 9. HP: 79/79 MP: 8/8
  6759 | D:6      | 6759 ||| READING 3 scrolls of enchant weapon.
  6759 | D:6      | 6759 ||| ENCHANTING +3 war axe.
  6760 | D:6      | 6760 ||| READING 2 scrolls of enchant weapon.
  6760 | D:6      | 6760 ||| ENCHANTING +4 war axe.
  6761 | D:6      | 6761 ||| READING scroll of enchant weapon.
  6761 | D:6      | 6761 ||| ENCHANTING +5 war axe.
  6956 | D:6      | 6956 ||| READING 2 scrolls of identify.
  6956 | D:6      | 6956 ||| IDENTIFYING coppery potion
  6962 | D:7      | 6962 ||| PLANNING OSSUARY
  7036 | D:7      | 7036 ||| Stepping ~*~*~tactically~*~*~ (stealth).
  7094 | D:7      | 7094 ||| Stepping ~*~*~tactically~*~*~ (stealth).
  7151 | D:7      | Reached *** piety under Trog
  7161 | D:7      | 7161 ||| FLEEEEING.
  7162 | D:7      | 7162 ||| FLEEEEING.
  7163 | D:7      | 7163 ||| FLEEEEING.
  7164 | D:7      | 7164 ||| FLEEEEING.
  7165 | D:7      | 7165 ||| FLEEEEING.
  7323 | D:7      | Found a sand-covered staircase.
  7334 | D:7      | Reached skill level 13 in Axes
  7345 | Ossuary  | Entered an ossuary
  7489 | Ossuary  | 7489 ||| READING scroll of enchant armour.
  7489 | Ossuary  | 7489 ||| ENCHANTING +0 cloak.
  7490 | Ossuary  | 7490 ||| UPGRADING to +0 buckler.
  7495 | Ossuary  | 7495 ||| READING scroll labelled SAONOA USUPENT.
  7496 | Ossuary  | 7496 ||| READING scroll labelled UBBIETWEO QOUB.
  7497 | Ossuary  | 7497 ||| DRINKING 2 fizzy emerald potions.
  7498 | Ossuary  | 7498 ||| DROPPING potion of degeneration.
  7504 | D:7      | 7504 ||| PLANNING D:1-11
  7518 | D:7      | Reached skill level 1 in Shields
  7716 | D:7      | 7716 ||| Stepping ~*~*~tactically~*~*~ (stealth).
  7718 | D:7      | 7718 ||| Stepping ~*~*~tactically~*~*~ (stealth).
  7720 | D:7      | 7720 ||| Stepping ~*~*~tactically~*~*~ (stealth).
  7727 | D:7      | Reached skill level 3 in Shields
  7727 | D:7      | Reached **** piety under Trog
  7742 | D:7      | 7742 ||| INVOKING Berserk.
  7750 | D:7      | Found a flagged portal.
  8112 | D:7      | 8112 ||| READING scroll labelled BODU SOATSIUCO.
  8113 | D:7      | 8113 ||| DRINKING 2 cyan potions.
  8299 | D:8      | 8299 ||| READING scroll of enchant weapon.
  8299 | D:8      | 8299 ||| ENCHANTING +6 spectral war axe.
  8481 | D:8      | 8481 ||| INVOKING Berserk.
  8623 | D:8      | Reached skill level 3 in Dodging
  8623 | D:8      | 8623 ||| FLEEEEING.
  8624 | D:8      | 8624 ||| FLEEEEING.
  8686 | D:8      | 8686 ||| Stepping ~*~*~tactically~*~*~ (stealth).
  8767 | D:8      | 8767 ||| Stepping ~*~*~tactically~*~*~ (stealth).
  8773 | D:8      | 8773 ||| FLEEEEING.
  8774 | D:8      | 8774 ||| FLEEEEING.
  8775 | D:8      | 8775 ||| FLEEEEING.
  8776 | D:8      | 8776 ||| FLEEEEING.
  8777 | D:8      | 8777 ||| FLEEEEING.
  8922 | D:8      | 8922 ||| FLEEEEING.
  8923 | D:8      | 8923 ||| FLEEEEING.
  8924 | D:8      | 8924 ||| FLEEEEING.
  9046 | D:8      | 9046 ||| INVOKING Berserk.
  9160 | D:8      | Found Mora Pue's Assorted Antiques.
  9169 | D:8      | 9169 ||| BUYING dented beryl amulet (180 gold).
  9169 | D:8      | Bought a dented beryl amulet for 180 gold pieces
  9169 | D:8      | 9169 ||| SHOPLISTING potion of curing (108 gold, have 56).
  9169 | D:8      | 9169 ||| BUYING scroll labelled CIZESUGICH (36 gold).
  9169 | D:8      | Bought a scroll labelled CIZESUGICH for 36 gold pieces
  9169 | D:8      | 9169 ||| SHOPLISTING scroll labelled YFFIOK XATHRAUTOI (36
                  | gold, have 20).
  9169 | D:8      | 9169 ||| SHOPLISTING scroll of identify (72 gold, have 20).
  9232 | D:8      | 9232 ||| Stepping ~*~*~tactically~*~*~ (stealth).
  9235 | D:8      | 9235 ||| Stepping ~*~*~tactically~*~*~ (stealth).
  9237 | D:8      | 9237 ||| Stepping ~*~*~tactically~*~*~ (stealth).
  9238 | D:8      | 9238 ||| INVOKING Berserk.
  9311 | D:8      | 9311 ||| Stepping ~*~*~tactically~*~*~ (stealth).
  9315 | D:8      | 9315 ||| Stepping ~*~*~tactically~*~*~ (stealth).
  9316 | D:8      | 9316 ||| Stepping ~*~*~tactically~*~*~ (stealth).
  9340 | D:8      | 9340 ||| Stepping ~*~*~tactically~*~*~ (stealth).
  9341 | D:8      | 9341 ||| Stepping ~*~*~tactically~*~*~ (stealth).
  9343 | D:8      | 9343 ||| Stepping ~*~*~tactically~*~*~ (stealth).
  9346 | D:8      | Reached skill level 14 in Axes
  9346 | D:8      | Reached XP level 10. HP: 88/88 MP: 9/9
  9572 | D:8      | 9572 ||| UPGRADING to +0 plate armour.
  9582 | D:8      | 9582 ||| DROPPING +0 chain mail.
  9583 | D:8      | 9583 ||| DROPPING amulet of faith.
  9584 | D:8      | 9584 ||| READING scroll labelled CIZESUGICH.
  9585 | D:8      | 9585 ||| READING 6 scrolls of teleportation.
  9637 | D:9      | 9637 ||| Stepping ~*~*~tactically~*~*~ (hiding).
  9757 | D:9      | 9757 ||| Stepping ~*~*~tactically~*~*~ (stealth).
  9775 | D:9      | 9775 ||| Stepping ~*~*~tactically~*~*~ (stealth).
  9778 | D:9      | 9778 ||| Stepping ~*~*~tactically~*~*~ (stealth).
  9784 | D:9      | Reached skill level 6 in Armour
  9787 | D:9      | 9787 ||| Stepping ~*~*~tactically~*~*~ (stealth).
  9800 | D:9      | 9800 ||| Stepping ~*~*~tactically~*~*~ (stealth).
  9845 | D:9      | 9845 ||| FLEEEEING.
  9846 | D:9      | 9846 ||| FLEEEEING.
  9921 | D:9      | Found a staircase to the Orcish Mines.
  9931 | D:9      | Reached ***** piety under Trog
 10049 | D:9      | Reached skill level 15 in Axes
 10050 | D:9      | 10050 ||| Stepping ~*~*~tactically~*~*~ (stealth).
 10052 | D:9      | 10052 ||| Stepping ~*~*~tactically~*~*~ (hiding).
 10053 | D:9      | 10053 ||| Stepping ~*~*~tactically~*~*~ (hiding).
 10312 | D:9      | 10312 ||| Stepping ~*~*~tactically~*~*~ (stealth).
 10317 | D:9      | Received a gift from Trog
 10322 | D:9      | 10322 ||| Stepping ~*~*~tactically~*~*~ (stealth).
 10325 | D:9      | 10325 ||| INVOKING Berserk.
 10333 | D:9      | HP: 22/90 [poisoned by a kobold brigand (curare-tipped
                  | dart)]
 10345 | D:9      | 10345 ||| DRINKING potion of heal wounds.
 10347 | D:9      | 10347 ||| INVOKING Brothers in Arms.
 10535 | D:9      | 10535 ||| READING scroll labelled YRYSSA RIEMYHA.
 10536 | D:9      | 10536 ||| READING 3 scrolls of identify.
 10536 | D:9      | 10536 ||| IDENTIFYING smoky black potion
 10537 | D:9      | 10537 ||| DROPPING potion of berserk rage.
 10538 | D:9      | 10538 ||| READING 5 scrolls of teleportation.
 10574 | D:9      | Reached skill level 9 in Fighting
 10639 | D:9      | 10639 ||| INVOKING Berserk.
 11094 | D:9      | 11094 ||| Stepping ~*~*~tactically~*~*~ (hiding).
 11267 | D:10     | Entered Level 10 of the Dungeon
 11276 | D:10     | 11276 ||| Stepping ~*~*~tactically~*~*~ (stealth).
 11277 | D:10     | 11277 ||| Stepping ~*~*~tactically~*~*~ (stealth).
 11316 | D:10     | 11316 ||| READING scroll of enchant weapon.
 11316 | D:10     | 11316 ||| ENCHANTING +7 spectral war axe.
 11347 | D:10     | Reached skill level 16 in Axes
 11368 | D:10     | 11368 ||| Stepping ~*~*~tactically~*~*~ (stealth).
 11462 | D:10     | Found a glowing golden altar of the Shining One.
 11471 | D:10     | 11471 ||| Stepping ~*~*~tactically~*~*~ (stealth).
 11478 | D:10     | Reached XP level 11. HP: 97/97 MP: 10/10
 11627 | D:10     | 11627 ||| FLEEEEING.
 11628 | D:10     | 11628 ||| FLEEEEING.
 11765 | D:10     | Reached skill level 6 in Shields
 11834 | D:10     | 11834 ||| INVOKING Berserk.
 11957 | D:10     | 11957 ||| READING 4 scrolls of teleportation.
 11962 | D:10     | 11962 ||| INVOKING Berserk.
 11965 | D:10     | HP: 24/97 [electric eel/bolt of electricity (13)]
 11966 | D:10     | 11966 ||| READING 3 scrolls of teleportation.
 11966 | D:10     | HP: 6/97 [electric eel/bolt of electricity (8)]
 11966 | D:10     | Killed from afar by an electric eel

Levels and vault maps discovered:
D:1:      amcnicky_arrival_blooded_trapdoor, layout_basic,
          shapermc_ecumenical_altar_rom_forum, serial_shops,
          nicolae_shop_statue_plus, solitary_fountain
D:2:      minmay_spotlight, layout_basic, serial_shops, nicolae_shop_crystal,
          shop_statue, shop, nicolae_shop_crystal, grunt_ministairs_11,
          st_stairs_10, uniq_robin, uniq_jessica
D:3:      layout_basic, kennysheep_generic_room_13
D:4:      layout_gridville, vehumet_altar_wand_db,
          nicolae_wu_jian_immortal_techniques, minmay_fractal_squares_diagonal_5
D:5:      layout_loops_ring, nemelex_dance_club_becter,
          minmay_temple_entry_large_hall, uniq_duvessa
D:6:      layout_loops_ring, mainiacjoe_overflow_catwalk,
          nicolae_ru_awakened_eye, gammafunk_ghost_hive, serial_shops, shop,
          minmay_misc_feat_diagonals, hangedman_abyss_or_decor_passed,
          dreamdust_princess_corridor, nrook_mini_backslash,
          minmay_misc_feat_rugged, uniq_grinder
D:7:      layout_basic, nicolae_ossuary_entry_catacombs, enter_bailey_5
D:8:      layout_loops_ring, serial_shops, nicolae_shop_hallway_stairs,
          chequers_avenue, lightli_minifort
D:9:      wad_river_or_something, layout_loops_ring, zombieorc2_lemuel,
          chequers_serial_rivers_micro_c, hex_medium, lemuel_flamethrower_2
D:10:     layout_basic, mainiacjoe_overflow_swirl, ebering_ghost_xom,
          dk_noncrumbling_3, nicolae_straight_to_the_point

Skill      XL: |  1  2  3  4  5  6  7  8  9 10 11 |
---------------+----------------------------------+-----
Axes           | 4 5 6 7 8 10 12 14 16 | 16.0
Fighting       | 5 6 7 8 9 |  9.2
Armour         | 3 4 5 7 |  7.3
Throwing       | 1 |  1.0
Shields        | 5 6 |  6.4
Dodging        | 3 |  3.0

Action                   |  1- 3 |  4- 6 |  7- 9 | 10-12 || total
-------------------------+-------+-------+-------+-------++-------
Melee: Hand axe          |    55 |       |       |       ||    55
       Headbutt          |     7 |     8 |    42 |    22 ||    79
       War axe           |    11 |    63 |   245 |   119 ||   438
       Punch             |     1 |     1 |     2 |       ||     4
Throw: Boomerang         |       |       |    72 |    58 ||   130
Invok: Berserk           |     1 |     2 |    13 |     4 ||    20
       Trog's Hand       |       |       |     1 |       ||     1
       Brothers in Arms  |       |       |       |     1 ||     1
  Use: Scroll            |     5 |     9 |    12 |     8 ||    34
       Potion            |       |     2 |     5 |     1 ||     8
Armor: Animal skin       |    13 |       |       |       ||    13
       Chain mail        |       |    31 |    79 |     4 ||   114
       Plate armour      |       |       |       |    35 ||    35
Dodge: Dodged            |    32 |    28 |    54 |    26 ||   140
Block: Buckler           |       |       |    11 |    13 ||    24

Table legend:
 A = Non-vault XP
 B = Vault XP
 C = Vault XP percentage of total XP
 D = Non-vault monster count
 E = Vault monster count
 F = Vault count percentage of total count
                 A         B        C        D         E       F
            +---------+---------+-------+---------+---------+-------
      Total |    9022 |    3009 |  25.0 |     164 |     117 |  41.6
            +---------+---------+-------+---------+---------+-------
        D:1 |      32 |       0 |   0.0 |      17 |       0 |   0.0
        D:2 |       7 |      74 |  91.4 |       5 |      15 |  75.0
        D:3 |       5 |       4 |  44.4 |       3 |       2 |  40.0
        D:4 |     511 |     166 |  24.5 |      20 |       8 |  28.6
        D:5 |     581 |     327 |  36.0 |      14 |       4 |  22.2
        D:6 |     834 |     286 |  25.5 |      21 |       1 |   4.5
        D:7 |     818 |     254 |  23.7 |      21 |      10 |  32.3
        D:8 |    2201 |     136 |   5.8 |      23 |       3 |  11.5
        D:9 |    1784 |    1684 |  48.6 |      23 |      45 |  66.2
       D:10 |    2249 |       0 |   0.0 |      17 |       0 |   0.0
    Ossuary |       0 |      78 | 100.0 |       0 |      29 | 100.0
            +---------+---------+-------+---------+---------+-------
